Map: Acid Plant LE

Players

CFlow - Winner!

  • Race: Zerg Zerg
  • Spawn Location: 5:00

axu

  • Race: Protoss Protoss
  • League: Platinum
  • Spawn Location: 11:00

VOD

Have the link to the VOD?

Description

Time

  • Played on: April 11, 2018, 7:13 a.m.
  • Length: 10:48
Show
View Real Time Build Order
Export as new Build Order

CFlow Zerg - Winner!

Build Orders: Hatch First 

Get SALT Encoding   

  12  0:01  Drone  
  13  0:11  Drone  
  14  0:18  Overlord  
  14  0:26  Extractor  
  14  0:27  Drone  
  15  0:46  Hatchery  
  14  0:50  Drone  
  15  1:01  Extractor  
  15  1:03  Drone  
  15  1:12  Spawning Pool  
  14  1:29  Drone x2  
  16  1:48  Overlord  
  16  1:58  Queen  
  16  2:00  Zergling x4  
  20  2:03  Queen  
  22  2:17  Metabolic Boost  
  22  2:35  Drone x3  
  25  2:55  Queen  
  27  3:01  Hatchery  
  26  3:07  Drone x3  
  29  3:22  Drone x2  
  29  3:23  Drone  
  29  3:25  Overlord  
  32  3:44  Spore Crawler  
  32  3:47  Spore Crawler  
  30  3:50  Drone x5, Extractor  
  34  4:08  Drone x5  
  32  4:47  Drone x5  
  32  4:50  Queen  
  32  4:51  Drone  
  32  4:52  Drone x2  
  42  5:08  Drone x2  
  42  5:10  Lair  
  42  5:11  Drone x3  
  42  5:12  Drone  
  48  5:19  Evolution Chamber  
  48  5:21  Evolution Chamber  
  46  5:23  Roach Warren  
  45  5:30  Drone x3  
  45  5:31  Overlord x2  
  48  5:52  Drone x3  
  48  5:55  Drone x3, Extractor  
  48  5:56  Drone x2, Extractor  
  54  6:06  Drone x3  
  54  6:09  Zerg Missile Weapons Level 1  
  54  6:10  Zerg Ground Armor Level 1  
  54  6:11  Glial Reconstitution  
  57  6:14  Overlord x3  
  56  6:34  Spire  
  55  6:40  Drone  
  55  6:41  Drone x3  
  55  6:43  Roach x6  
  55  6:44  Roach x3  
  77  6:58  Drone  
  77  6:59  Drone  
  79  7:01  Extractor  
  79  7:02  Overlord x3  
  79  7:03  Extractor  
  77  7:24  Overseer  
  77  7:28  Drone x2  
  77  7:29  Overlord x3  
  79  7:32  Roach x5  
  79  7:36  Drone x3  
  92  7:37  Drone  
  93  7:55  Mutalisk x4  
  93  7:56  Mutalisk x4  
  109  8:08  Drone x3  
  112  8:21  Mutalisk x3  
  112  8:22  Hatchery  
  117  8:27  Drone  
  117  8:28  Drone x2  
  117  8:29  Overlord x2  
  117  8:32  Overlord x2  
  119  8:46  Mutalisk  
  119  8:47  Mutalisk x3  
  127  8:54  Drone x3  
  127  8:55  Overlord, Drone  
  131  8:56  Overlord  
  122  9:36  Mutalisk x3  
  122  9:37  Mutalisk x4  
  132  10:05  Mutalisk x3  
  128  10:23  Roach x6  
  128  10:24  Roach x3  
Show
View Real Time Build Order
Export as new Build Order

axu Protoss 

Build Orders: 1 Gate Expand, Zealot Archon 

Get SALT Encoding   

  12  0:01  Probe  
  13  0:13  Probe  
  14  0:24  Pylon  
  14  0:25  Probe  
  15  0:42  Probe  
  16  0:44  Gateway  
  16  0:54  Assimilator, Probe (Chrono Boost)  
  17  1:06  Probe (Chrono Boost)  
  18  1:11  Probe (Chrono Boost)  
  19  1:20  Probe  
  20  1:28  Nexus  
  20  1:42  Cybernetics Core  
  20  1:49  Assimilator, Probe  
  21  2:11  Probe  
  22  2:20  Pylon  
  22  2:21  Gateway  
  22  2:38  Adept  
  22  2:39  Probe (Chrono Boost)  
  22  2:41  Probe (Chrono Boost)  
  28  2:51  Probe (Chrono Boost)  
  28  2:53  Probe (Chrono Boost)  
  28  2:54  Robotics Facility  
  28  2:57  Probe (Chrono Boost)  
  28  2:58  Probe (Chrono Boost)  
  30  3:13  Warp Gate  
  30  3:15  Adept x2  
  30  3:16  Probe x2  
  36  3:28  Twilight Council, Probe  
  36  3:29  Probe  
  38  3:40  Probe  
  38  3:41  Probe  
  40  3:42  Observer  
  41  3:51  Stalker x2  
  41  3:53  Probe  
  46  3:57  Pylon  
  46  4:00  Pylon  
  46  4:15  Immortal, Probe x2  
  52  4:27  Probe  
  53  4:41  Probe x2  
  53  4:43  Adept x2  
  55  4:49  Charge (Chrono Boost)  
  55  4:53  Probe x2  
  57  5:02  Templar Archives  
  57  5:04  Assimilator  
  57  5:05  Probe  
  57  5:06  Probe  
  59  5:08  Assimilator  
  59  5:12  Gateway  
  59  5:13  Gateway  
  59  5:15  Gateway  
  59  5:17  Gateway  
  59  5:18  Probe x2  
  61  5:31  Gateway  
  61  5:32  Pylon  
  61  5:34  Gateway  
  61  5:35  Pylon  
  61  5:37  Pylon  
  61  5:50  Warp Prism  
  63  5:58  Psionic Storm  
  63  6:10  Nexus  
  63  6:13  Pylon  
  63  6:15  Pylon  
  63  6:19  Pylon  
  63  6:36  Shield Battery  
  63  6:40  Shield Battery  
  63  6:44  Immortal, Shield Battery  
  67  6:56  Probe x2  
  69  7:05  Forge  
  69  7:06  Forge  
  69  7:08  High Templar  
  69  7:09  High Templar x4  
  79  7:21  Zealot, Observer  
  81  7:24  Probe x3  
  84  7:36  Probe x3  
  86  7:46  High Templar x3  
  92  7:52  High Templar  
  92  7:53  Archon  
  92  7:56  Archon  
  92  7:57  Probe x3  
  97  8:02  Assimilator  
  97  8:06  Assimilator  
  97  8:09  Photon Cannon  
  97  8:10  Photon Cannon  
  97  8:11  Protoss Ground Weapons Level 1 (Chrono Boost), Probe x3  
  97  8:12  Protoss Ground Armor Level 1 (Chrono Boost), Photon Cannon  
  100  8:23  Probe x2  
  102  8:30  Zealot x5  
  102  8:31  Zealot  
  95  9:27  Photon Cannon  
  95  9:29  Stalker x2, Photon Cannon  
  75  9:49  Probe x2  
  75  9:50  Probe  
  72  10:01  Probe  
  72  10:02  Probe x2  
  69  10:13  Probe  
  69  10:14  Probe x2  
  53  10:25  Zealot x2  
Tags
 
Add a new tag
Caveats
  • Supply blocks, unpowered buildings, or Contaminate may cause inaccurate times.
  • Supply counts are checked every 10 seconds.